Map: Prion Terraces

Players

RadekDaNa - Winner!

  • Race: Zerg Zerg
  • League: Grandmaster

MaGiK

  • Race: Protoss Protoss

Event: Gauntlet LotV Series 1 Qualifier 2

VOD

Have the link to the VOD?

Description

Time

  • Played on: Dec. 5, 2015, 1:26 p.m.
  • Length: 8:05

All games in this series

Show
View Real Time Build Order
Export as new Build Order

RadekDaNa Zerg - Winner!

Build Orders: Hatch First 

Get SALT Encoding   

  12  0:02  Drone  
  13  0:12  Overlord  
  13  0:17  Drone  
  14  0:31  Drone x2  
  14  0:35  Drone  
  17  0:52  Hatchery  
  17  0:55  Drone  
  17  0:57  Drone  
  17  1:00  Extractor  
  17  1:13  Spawning Pool  
  17  1:15  Drone  
  17  1:19  Drone  
  18  1:29  Drone  
  19  1:40  Overlord  
  19  1:51  Drone  
  22  2:02  Zergling x2  
  22  2:03  Queen  
  22  2:04  Drone  
  26  2:09  Metabolic Boost  
  26  2:17  Spine Crawler  
  26  2:20  Spine Crawler  
  22  2:29  Zergling x2  
  23  2:39  Zergling x4  
  25  2:51  Drone  
  25  2:52  Drone  
  27  3:00  Drone x2  
  27  3:01  Drone  
  27  3:04  Drone  
  31  3:12  Zergling x4  
  33  3:13  Zergling x2  
  33  3:15  Zergling x2  
  35  3:20  Overlord  
  35  3:25  Drone  
  36  3:37  Queen  
  37  3:44  Hatchery  
  37  3:46  Drone  
  36  3:48  Drone  
  36  3:51  Drone  
  36  3:52  Drone  
  36  3:54  Drone  
  39  3:57  Drone  
  39  3:58  Drone  
  39  4:01  Drone  
  39  4:02  Drone  
  43  4:07  Overlord  
  43  4:14  Overlord  
  43  4:18  Extractor  
  43  4:20  Extractor  
  43  4:23  Drone x2  
  41  4:25  Drone x2  
  41  4:26  Drone  
  41  4:30  Drone  
  44  4:34  Drone  
  44  4:43  Overlord  
  44  4:47  Lair, Roach Warren  
  44  4:48  Drone x3, Extractor  
  44  4:51  Drone x2  
  47  4:56  Drone  
  47  4:58  Drone  
  49  5:02  Queen  
  51  5:13  Drone  
  52  5:21  Overlord, Zergling x2  
  55  5:28  Roach  
  55  5:29  Roach x6  
  67  5:35  Overlord  
  67  5:36  Overlord  
  67  5:37  Overlord  
  67  5:39  Roach  
  67  5:40  Roach  
  71  5:43  Roach  
  71  5:44  Overseer  
  71  5:47  Glial Reconstitution  
  73  5:50  Ravager x3  
  73  5:52  Ravager  
  79  5:57  Roach  
  79  5:58  Roach x2  
  83  6:05  Drone, Extractor  
  83  6:06  Drone  
  83  6:07  Extractor  
  83  6:09  Drone x3  
  83  6:10  Drone x2  
  88  6:11  Drone  
  88  6:16  Ravager x2  
  91  6:22  Ravager  
  92  6:25  Drone  
  92  6:26  Drone x3  
  92  6:27  Drone x2  
  92  6:28  Drone  
  92  6:29  Overlord x2  
  92  6:30  Hydralisk Den  
  98  6:34  Zergling x2  
  98  6:35  Zergling x6  
  98  6:37  Ravager  
  98  6:39  Overlord  
  103  6:43  Overlord  
  103  6:44  Overlord  
  103  6:46  Ravager x2  
  105  6:48  Ravager  
  106  6:57  Ravager x2  
  106  6:59  Zergling x6  
  106  7:00  Zergling x12  
  116  7:04  Overlord  
  116  7:11  Zergling x10  
  116  7:14  Zergling x4  
  116  7:15  Zergling x2  
  124  7:16  Zergling x2  
  125  7:23  Overlord  
  125  7:26  Spire  
  125  7:28  Drone  
  123  7:39  Zergling x18  
Show
View Real Time Build Order
Export as new Build Order

MaGiK Protoss 

Build Orders: Forge Fast Expand (FFE) 

Get SALT Encoding   

  12  0:02  Probe (Chrono Boost)  
  13  0:13  Probe (Chrono Boost)  
  14  0:22  Pylon  
  14  0:25  Probe (Chrono Boost)  
  15  0:41  Forge  
  15  0:44  Probe (Chrono Boost)  
  16  0:54  Probe (Chrono Boost)  
  17  1:05  Probe (Chrono Boost)  
  17  1:07  Gateway  
  18  1:15  Probe (Chrono Boost)  
  19  1:32  Probe (Chrono Boost)  
  20  1:44  Nexus  
  20  1:46  Pylon  
  20  2:04  Photon Cannon  
  20  2:07  Photon Cannon  
  20  2:08  Photon Cannon  
  20  2:16  Photon Cannon  
  20  2:28  Probe (Chrono Boost)  
  21  2:37  Cybernetics Core  
  21  2:39  Probe (Chrono Boost)  
  21  2:42  Assimilator  
  22  2:46  Assimilator  
  22  2:50  Pylon  
  22  2:53  Pylon  
  22  2:54  Zealot  
  24  3:12  Probe x2 (Chrono Boost)  
  26  3:23  Gateway  
  26  3:25  Gateway  
  26  3:28  Photon Cannon  
  26  3:31  Gateway  
  26  3:34  Probe (Chrono Boost)  
  27  3:40  Pylon  
  27  3:48  Pylon  
  27  3:52  Mothership Core (Chrono Boost)  
  27  3:57  Pylon  
  27  4:09  Stalker, Warp Gate (Chrono Boost)  
  28  4:36  Probe  
  27  4:52  Pylon  
  27  4:53  Probe  
  27  4:54  Probe  
  27  4:55  Pylon  
  29  5:03  Probe  
  29  5:06  Probe  
  31  5:08  Robotics Facility  
  31  5:09  Protoss Ground Weapons Level 1 (Chrono Boost), Robotics Facility  
  31  5:13  Photon Cannon  
  31  5:25  Probe  
  31  5:26  Probe  
  33  5:35  Probe  
  33  5:38  Probe  
  35  5:46  Probe  
  35  5:51  Probe  
  36  5:57  Immortal  
  36  5:58  Immortal  
  44  6:04  Stalker  
  46  6:11  Probe  
  46  6:13  Probe  
  48  6:22  Probe  
  48  6:25  Probe  
  50  6:26  Assimilator  
  50  6:29  Assimilator  
  50  6:32  Probe  
  50  6:37  Probe, Warp Prism  
  54  6:51  Pylon  
  54  6:55  Pylon  
  54  7:03  Twilight Council  
  54  7:06  Pylon  
  54  7:08  Probe  
  54  7:09  Probe  
  54  7:10  Observer  
  57  7:18  Probe, Nexus  
  57  7:21  Probe  
  59  7:32  Stalker  
  59  7:33  Stalker x3  
Tags
 
Add a new tag
Caveats
  • Supply blocks, unpowered buildings, or Contaminate may cause inaccurate times.
  • Supply counts are checked every 10 seconds.